 Dungeon Crawl Stone Soup version 0.16.1-14-g82efdee (webtiles) character file.

620 RepoMan the Firebug (level 7, -5/46 HPs)
             Began as a Mummy Fire Elementalist on Apr 14, 2015.
             Was an Initiate of Gozag.
             Killed from afar by an orc wizard (8 damage)
             ... with a magic dart
             ... on level 5 of the Dungeon.
             The game lasted 00:46:03 (4581 turns).

RepoMan the Firebug (Mummy Fire Elementalist)       Turns: 4581, Time: 00:46:03

Health: -5/46      AC:  2    Str: 11    XL:     7   Next: 22%
Magic:  10/24      EV: 12    Int: 16    God:    Gozag
Gold:   197        SH:  0    Dex: 12    Spells: 5 memorised, 2 levels left

rFire  x . .     SeeInvis .     m - +2 dagger (distort)
rCold  + . .     Clarity  .     a - +0 robe
rNeg   + + +     SustAb   .     (no shield)
rPois  ∞         Gourm    .     (no helmet)
rElec  .         Spirit   .     (no cloak)
rCorr  .         Warding  .     (no gloves)
rMut   .         Stasis   .     (no boots)
MR     +....                    (no amulet)
Stlth  ++........               g - ring of protection from magic
                                f - ring of magical power

@: somewhat resistant to hostile enchantments, unstealthy
A: no food or potions, fire vulnerability, restore body, cold resistance 1,
negative energy resistance 3, poison resistance, torment resistance, unbreathing
a: Potion Petition, Call Merchant, Bribe Branch, Renounce Religion


You were on level 5 of the Dungeon.
You worshipped Gozag.
Gozag was noncommittal.
You were not hungry.

You visited 1 branch of the dungeon, and saw 5 of its levels.

You collected 393 gold pieces.
You spent 125 gold pieces at shops.
You paid 71 gold pieces to Gozag.

Inventory:

Hand weapons
 m - a +2 dagger of distortion (weapon)
 p - a +0 spear
 y - a +0 halberd of flaming
Missiles
 c - 48 stones (quivered)
 s - 2 tomahawks of dispersal
Armour
 a - a +0 robe (worn)
Jewellery
 f - a ring of magical power (left hand)
 g - a ring of protection from magic (right hand)
 q - an uncursed ring of flight
 r - an uncursed amulet of stasis
Magical devices
 o - a wand of confusion (23)
Scrolls
 d - 3 scrolls of immolation {unknown}
 e - 2 scrolls of blinking {unknown}
 h - 2 scrolls of identify {unknown}
 i - 2 scrolls of recharging {unknown}
 j - a scroll of teleportation {unknown}
 k - 3 scrolls of remove curse {unknown}
 t - a scroll of fog {unknown}
 u - a scroll of random uselessness {unknown}
 v - 3 scrolls of magic mapping {unknown}
 x - a scroll of amnesia {unknown}
 z - a scroll of enchant weapon {unknown}
Books
 b - a book of Flames

   Spells                             Type                      Level
   a - Flame Tongue                   Conjuration/Fire             1
   b - Throw Flame                    Conjuration/Fire             2
   c - Conjure Flame                  Conjuration/Fire             3
   d - Inner Flame                    Hexes/Fire                   3
   e - Sticky Flame                   Conjuration/Fire             4
   f - Fireball                       Conjuration/Fire             5
 w - a book of Minor Magic

   Spells                             Type                      Level
   a - Magic Dart                     Conjuration                  1
   b - Blink                          Translocation                2
   c - Call Imp                       Summoning                    2
   d - Repel Missiles                 Charms/Air                   2
   e - Slow                           Hexes                        2
   f - Conjure Flame                  Conjuration/Fire             3
   g - Mephitic Cloud                 Conjuration/Poison/Air       3


   Skills:
 - Level 1.5 Dodging
 - Level 1.5 Stealth
 + Level 3.9 Spellcasting
 + Level 3.1 Conjurations
 * Level 5.3 Fire Magic


You had 2 spell levels left.
You knew the following spells:

 Your Spells              Type           Power        Failure   Level  Hunger
a - Flame Tongue          Conj/Fire      ###..        3%          1    N/A
b - Blink                 Tloc           N/A          30%         2    N/A
c - Conjure Flame         Conj/Fire      ###.....     12%         3    N/A
d - Inner Flame           Hex/Fire       ##......     17%         3    N/A
e - Throw Flame           Conj/Fire      ###...       6%          2    N/A

Dungeon Overview and Level Annotations

Branches:
Dungeon (5/15)
 Temple: D:4-7

Altars:
Gozag
Zin

Shops:
D:5 *


Innate Abilities, Weirdness & Mutations

You do not eat or drink.
Your flesh is vulnerable to fire.
Your flesh is cold resistant.
You are immune to negative energy.
Your system is resistant to poisons.
You are immune to unholy pain and torment.
You can survive without breathing.


Message History

The orc wizard is severely wounded.
The orc wizard hits you but does no damage.
Casting: Flame Tongue
Confirm with . or Enter, or press ? or * to list all spells.
Aiming: Flame Tongue
Press: ? - help, Shift-Dir - straight line, f/p - orc wizard
Aim: an orc wizard, wielding a dagger, wearing a robe and wearing an ivory ring (severely wounded, fast)
The flame tongue misses the orc wizard.
The orc hits you.
* * * LOW HITPOINT WARNING * * *
The orc wizard points at you and mumbles some strange words.
The magic dart hits you!
* * * LOW HITPOINT WARNING * * *
Casting: Flame Tongue
Confirm with . or Enter, or press ? or * to list all spells.
You blink.
The orc wizard hits you with a dagger.
* * * LOW HITPOINT WARNING * * *
The orc wizard casts a spell at you. The magic dart hits you!
You die...
Your body crumbles into a pile of gold.

#.#####.. #.###)### ##
#......... ##.......# ##
#.......#.########.<).....####.
#...........................##.
#.$.....#..............∩..#....
#.<.....#......>..........####.
##o.#####....>.....######## #.
#..# #..........# #. #oo#
#.....@....# .. o...
#.......o.§# .... ###.#
##......oo## ..# .#
#........o.# ####.# .# ..
##..........##.... #.
#.........$.#..#
............$.#
...........>..oo...o
##........#####s)o.


You could see an orc wizard and 3 orcs.

Vanquished Creatures
  A sky beast (D:5)
  An ogre (D:5)
  The ghost of KarvaRausku the Chopper, a weakling HuFi (D:4)
  An orc priest (D:5)
  2 worker ants
  3 orc wizards
  An iguana (D:4)
  3 gnolls (D:4)
  5 adders
  A giant mite (D:4)
  2 worms (D:2)
  3 giant geckos
  3 oozes
  10 orcs
  3 ball pythons
  17 bats
  17 goblins
  10 hobgoblins
  5 jackals
  7 kobolds
  A quokka (D:4)
  5 giant cockroaches
  5 giant newts
  A giant spore (D:4)
  15 rats
  A ballistomycete (D:4)
124 creatures vanquished.

Vanquished Creatures (others)
  A ballistomycete (D:4)
1 creature vanquished.

Grand Total: 125 creatures vanquished

Notes
Turn   | Place    | Note
--------------------------------------------------------------
     0 | D:1      | RepoMan, the Mummy Fire Elementalist, began the quest for the Orb.
     0 | D:1      | Reached XP level 1. HP: 13/13 MP: 3/3
   212 | D:1      | Reached skill level 1 in Conjurations
   317 | D:1      | Reached XP level 2. HP: 19/19 MP: 4/4
   560 | D:1      | Learned a level 2 spell: Throw Flame
   741 | D:1      | Reached skill level 3 in Fire Magic
   780 | D:1      | Reached XP level 3. HP: 24/24 MP: 3/6
  1321 | D:2      | Reached XP level 4. HP: 27/30 MP: 5/8
  1696 | D:2      | Found an opulent altar of Gozag.
  1696 | D:2      | Found a glowing silver altar of Zin.
  2723 | D:2      | Became a worshipper of Gozag Ym Sagoz the Greedy
  2763 | D:4      | Reached XP level 5. HP: 32/35 MP: 10/10
  2780 | D:4      | Learned a level 3 spell: Conjure Flame
  2784 | D:4      | Learned a level 3 spell: Inner Flame
  2810 | D:4      | Reached skill level 4 in Fire Magic
  3067 | D:4      | Noticed KarvaRausku's ghost (weakling HuFi)
  3407 | D:4      | Killed KarvaRausku's ghost
  3505 | D:4      | Reached XP level 6. HP: 41/41 MP: 13/13
  3540 | D:4      | Learned a level 2 spell: Blink
  3797 | D:5      | Entered Level 5 of the Dungeon
  3823 | D:5      | Found Schiahud's Assorted Antiques.
  4174 | D:5      | Bought a blackened marble ring for 125 gold pieces
  4212 | D:5      | Reached skill level 5 in Fire Magic
  4276 | D:5      | Reached XP level 7. HP: 10/46 MP: 0/15
  4581 | D:5      | Killed from afar by an orc wizard

Action                   |  1- 3 |  4- 6 |  7- 9 || total
-------------------------+-------+-------+-------++-------
Melee: Mace              |     1 |     1 |       ||     2
       Dagger            |       |    45 |     1 ||    46
       Spear             |       |     7 |       ||     7
Throw: Stone             |    67 |    22 |       ||    89
 Cast: Flame Tongue      |    70 |   142 |    12 ||   224
       Throw Flame       |     4 |    18 |     2 ||    24
       Conjure Flame     |       |     6 |       ||     6
       Inner Flame       |       |     5 |       ||     5
       Blink             |       |     5 |     2 ||     7
Invok: Potion Petition   |       |     1 |       ||     1
 Stab: Sleeping          |       |     1 |       ||     1
